 Dungeon Crawl Stone Soup version 0.30.1-11-g7821555f0a (webtiles) character file.

Game seed: 13868901578784500944

2972 Martska the Fighter (level 9, -9/75 HPs)
             Began as a Demonspawn Fighter on Dec 14, 2023.
             Was a Follower of Qazlal.
             Mangled by a +2 spectral quarterstaff (12 damage)
             ... created by Joseph
             ... on level 8 of the Dungeon.
             The game lasted 00:12:01 (6657 turns).

Martska the Fighter (Demonspawn Fighter)            Turns: 6657, Time: 00:12:01

Health: -9/75      AC:  7    Str: 20    XL:     9   Next: 53%
Magic:  12/12      EV: 17    Int:  9    God:    Qazlal [*.....]
Gold:   445        SH:  2    Dex: 20    Spells: 8/8 levels left

rFire   . . .        E - +4 mace (freeze)
rCold   . . .        (no shield)
rNeg    . . .        N - +0 steam dragon scales
rPois   +            (no helmet)
rElec   .            (no cloak)
rCorr   .            (no gloves)
SInv    .            m - +0 pair of boots
Will    .....        (no amulet)
Stlth   ++           p - +6 ring of dexterity
HPRegen 0.32/turn    i - ring of poison resistance
MPRegen 0.13/turn

%: no passive effects
@: no status effects
A: foul stench 2, spiny 1, demonic touch 1
a: Renounce Religion


You were on level 8 of the Dungeon.
You worshipped Qazlal.
Qazlal was aware of your devotion.
You visited 2 branches of the dungeon, and saw 9 of its levels.

You collected 445 gold pieces.

Inventory:

Hand Weapons
 a - a +0 war axe
 h - a +0 dagger of protection
 l - a +0 whip of draining
 C - a +0 broad axe
 E - a +4 mace of freezing (weapon)
 M - a +1 spear of flaming
Armour
 c - a +0 buckler
 g - a +2 kite shield
 m - a +0 pair of boots (worn)
 z - a +0 pair of gloves
 I - a +0 scale mail of poison resistance
 N - +0 steam dragon scales (worn)
Jewellery
 i - a ring of poison resistance (right hand)
 p - a +6 ring of dexterity (left hand)
 s - an amulet of faith
 J - an amulet of regeneration
 K - an amulet of magic regeneration
 L - a +5 ring of evasion
Wands
 x - a wand of charming (23)
 F - a wand of flame (21)
Scrolls
 e - 3 scrolls of magic mapping {unknown}
 f - 5 scrolls of identify {unknown}
 j - 2 scrolls of immolation {unknown}
 k - a scroll of poison {unknown}
 n - 2 scrolls of summoning {unknown}
 o - 2 scrolls of teleportation {unknown}
 t - a scroll of silence {unknown}
 u - a scroll of vulnerability {unknown}
 y - a scroll of enchant armour {unknown}
 B - 2 scrolls of brand weapon {unknown}
Potions
 b - a potion of flight {unknown}
 d - 3 potions of might
 q - 2 potions of haste {unknown}
 r - 2 potions of attraction {unknown}
 v - a potion of heal wounds {unknown}
 w - 3 potions of degeneration {unknown}
 A - 2 potions of berserk rage {unknown}
 D - a potion of curing {unknown}
 G - 2 potions of brilliance {unknown}
 H - 2 potions of lignification {unknown}


   Skills:
 * Level 8.4 Fighting
 - Level 1.7(2.4) Axes
 * Level 2.5(2.8) Maces & Flails
 + Level 5.7 Armour
 * Level 7.1 Dodging
 - Level 2.7 Shields
 + Level 4.1 Invocations


You had 8 spell levels left.
You didn't know any spells.
Your spell library contained the following spells:

 Spells                   Type           Power      Damage    Failure   Level
 Ensorcelled Hibernation  Hex/Ice        0%         N/A       52%         2
 Lesser Beckoning         Tloc           0%         N/A       52%         2
 Passwall                 Tmut/Erth      0%         N/A       52%         2
 Gell's Gravitas          Tloc           0%         N/A       77%         3
 Swiftness                Air            0%         N/A       77%         3
 Teleport Other           Tloc           0%         N/A       77%         3


Dungeon Overview and Level Annotations

Branches:
Dungeon (8/15)             Temple (1/1) D:5
   Lair: D:8-11

Altars:
Ashenzari
Dithmenos
Hepliaklqana
Kikubaaqudgha
Makhleb
Nemelex Xobeh
Okawaru
Qazlal
Ru
Trog
Wu Jian
Xom
Yredelemnul

Shops:
D:1 [

Annotations:
D:8 Joseph


Innate Abilities, Weirdness & Mutations

You sometimes emit foul miasma when damaged in melee.
You are partially covered in sharp spines.
Your touch may inflict minor irresistible damage on your foes.


Message History

No target in view!
Done exploring.
Done exploring.
There is a stone staircase leading down here.
You climb downwards.
Joseph shouts!
The wyvern hisses angrily.
Found 29 gold pieces, a wand of quicksilver (4) and a fuming cyan potion.
There is a stone staircase leading up here.
There are monsters nearby!
There are monsters nearby!
Joseph barely misses you.
The +2 spectral quarterstaff is struck by your spines.
The +2 spectral quarterstaff hits you but does no damage.
A +2 spectral quarterstaff comes into view.
You miss the +2 spectral quarterstaff.
Your touch misses the +2 spectral quarterstaff.
The +2 spectral quarterstaff is lightly damaged.
The +2 spectral quarterstaff misses you.
The +2 spectral quarterstaff hits you but does no damage.
The +2 spectral quarterstaff hits you! Joseph is struck by your spines.
Joseph hits you with a +2 spectral quarterstaff!
You block the +2 spectral quarterstaff's attack.
You barely miss Joseph.
Joseph is lightly wounded.
The +2 spectral quarterstaff hits you!
The +2 spectral quarterstaff closely misses you.
The +2 spectral quarterstaff hits you! The +2 spectral quarterstaff hits you.
Joseph hits you with a +2 spectral quarterstaff.
The +2 spectral quarterstaff hits you!
* * * LOW HITPOINT WARNING * * *
You emit a cloud of foul miasma!
Joseph attacks as you move away!
Joseph hits you with a +2 spectral quarterstaff!
* * * LOW HITPOINT WARNING * * *
You emit a cloud of foul miasma!
The +2 spectral quarterstaff closely misses you.
The +2 spectral quarterstaff hits you.
* * * LOW HITPOINT WARNING * * *
You emit a cloud of foul miasma!
The +2 spectral quarterstaff hits you!
You die...

##...####..
##..........
##...........
#............
#.......!....
#............
#.........../
#..ยง(@l......
##.@$........
##.....$....
###########


You could see Joseph, a wyvern and a +2 spectral quarterstaff.

Vanquished Creatures
  Grinder (D:4)
  A wyvern (D:6)
  Eustachio (D:5)
  2 steam dragons (D:7)
  Menkaure (D:5)
  An ice beast (D:6)
  A sky beast (D:7)
  2 centaurs (D:7)
  2 ogres
  A kobold brigand (D:7)
  3 bullfrogs
  2 scorpions (D:5)
  4 wights (D:6)
  An electric eel (D:6)
  A howler monkey (D:7)
  A jelly (D:7)
  3 hounds
  An orc priest (D:5)
  A sleepcap (D:5)
  8 iguanas
  6 orc wizards
  8 gnolls
  11 adders
  4 shadow imps
  3 white imps
  An ufetubus (D:5)
  5 worms
  2 dart slugs
  30 orcs
  4 bats (D:2)
  8 endoplasms
  2 giant cockroaches
  4 goblins
  9 hobgoblins
  3 jackals (D:2)
  8 kobolds
  5 quokkas
  12 ball pythons
  7 frilled lizards
  3 rats
173 creatures vanquished.

Notes
Turn   | Place    | Note
-------+----------+-------------------------------------------
     0 | D:1      | Martska the Demonspawn Fighter began the quest for the Orb.
     0 | D:1      | Reached XP level 1. HP: 18/18 MP: 1/1
   142 | D:1      | Gained mutation: Your touch may inflict minor irresistible
                  | damage on your foes. [demonic ancestry]
   142 | D:1      | Reached XP level 2. HP: 24/24 MP: 2/2
   162 | D:1      | Found Jeujiyfoust's Armour Boutique.
   221 | D:1      | Reached skill level 1 in Dodging
   696 | D:2      | Gained mutation: You may rarely emit foul miasma when
                  | damaged in melee. [demonic ancestry]
   696 | D:2      | Reached XP level 3. HP: 22/28 MP: 3/3
   936 | D:2      | Gained mutation: You are partially covered in sharp spines.
                  | [demonic ancestry]
   936 | D:2      | Reached XP level 4. HP: 19/37 MP: 4/4
  1536 | D:3      | Reached skill level 4 in Fighting
  1941 | D:3      | Reached XP level 5. HP: 42/42 MP: 5/5
  2629 | D:4      | Noticed Grinder
  2634 | D:4      | Paralysed by Grinder for 3 turns
  2653 | D:4      | Paralysed by Grinder for 4 turns
  2660 | D:4      | Killed Grinder
  2661 | D:4      | Reached skill level 5 in Fighting
  2661 | D:4      | Reached XP level 6. HP: 18/51 MP: 6/6
  3066 | D:5      | Entered Level 5 of the Dungeon
  3066 | D:5      | Noticed Menkaure
  3078 | D:5      | Killed Menkaure
  3079 | D:5      | Gained mutation: You sometimes emit foul miasma when
                  | damaged in melee. [demonic ancestry]
  3079 | D:5      | Reached XP level 7. HP: 24/57 MP: 7/7
  3285 | D:5      | Reached skill level 6 in Fighting
  3544 | D:5      | Noticed Eustachio
  3766 | D:5      | Reached skill level 5 in Dodging
  3920 | D:5      | Reached XP level 8. HP: 65/65 MP: 8/8
  4180 | D:5      | Killed Eustachio
  4345 | D:5      | Found a staircase to the Ecumenical Temple.
  4377 | Temple   | Entered the Ecumenical Temple
  4407 | Temple   | Became a worshipper of Qazlal Stormbringer
  4578 | D:6      | Reached skill level 7 in Fighting
  4578 | D:6      | Reached skill level 1 in Invocations
  4582 | D:6      | Reached skill level 5 in Armour
  4829 | D:6      | Found a hazy altar of Hepliaklqana.
  5392 | D:6      | Reached * piety under Qazlal
  5393 | D:6      | Reached XP level 9. HP: 72/74 MP: 11/11
  5598 | D:7      | Reached skill level 8 in Fighting
  5598 | D:7      | Reached skill level 1 in Maces & Flails
  6152 | D:7      | Found a burning altar of Makhleb.
  6177 | D:7      | Found an ancient bone altar of Kikubaaqudgha.
  6231 | D:7      | Identified the +1 robe of Okawaru's Inspiration {Regen+
                  | Str+6}
  6246 | D:7      | Found a sacrificial altar of Ru.
  6653 | D:8      | Noticed Joseph
  6657 | D:8      | HP: 3/75 [+2 spectral quarterstaff[Joseph] (6)]
  6657 | D:8      | Mangled by a +2 spectral quarterstaff

Illustrated notes

Levels and vault maps discovered:
D:1:      minmay_arrival_open_corners, layout_rooms, serial_shops, shop
D:2:      minmay_diamond_boxcup, layout_basic, hangedman_decor_diamond_cutter,
          minmay_misc_feat_plants
D:3:      kennysheep_six_static_rooms, layout_loops_ring,
          kennysheep_decorative_pillar
D:4:      layout_rooms, uniq_grinder
D:5:      layout_gridville, minmay_temple_entry_butterflies, minivault_26,
          uniq_eustachio, uniq_menkaure
D:6:      layout_basic, nicolae_overflow_two_pavilions
D:7:      layout_loops_corners, mainiacjoe_overflow_large_starburst,
          nicolae_ru_awakened_eye, serial_bayou_pond_b, grunt_ministairs_6
D:8:      layout_rooms, kennysheep_mini_moat, minmay_small_thing,
          uniq_gastronok, uniq_joseph
Temple:   regret_index_temple_waves

Skill      XL: |  1  2  3  4  5  6  7  8  9 |
---------------+----------------------------+-----
Dodging        | 1 2 3 4 5 6 7 |  7.1
Armour         | 3 4 5 |  5.7
Fighting       | 4 5 6 7 8 |  8.4
Invocations    | 3 4 |  4.1
Maces & Flails | 2 |  2.5
Axes           | |  1.7
Shields        | |  2.7

Action                     |  1- 3 |  4- 6 |  7- 9 || total
---------------------------+-------+-------+-------++-------
  Melee: Dagger            |   127 |   145 |   137 ||   409
         War axe           |     9 |       |       ||     9
         Touch             |    12 |    31 |    47 ||    90
         Punch             |     2 |     2 |     5 ||     9
         Unarmed           |       |       |    12 ||    12
         Mace              |       |       |    84 ||    84
   Stab: Confused          |       |       |     2 ||     2
 Armour: Scale mail        |    98 |    45 |   118 ||   261
         Skin              |       |       |    53 ||    53
         Steam dragon scal |       |       |     2 ||     2
  Dodge: Dodged            |    83 |    71 |   285 ||   439
  Block: Kite shield       |     6 |       |       ||     6
         Buckler           |     3 |       |       ||     3
         Other             |       |       |     3 ||     3
